 Dungeon Crawl Stone Soup version 0.30.1 (webtiles) character file.

Game seed: 15159381878500589673

628 AgateBread the Trooper (level 7, 0/74 HPs)
             Began as an Ogre Air Elementalist on July 7, 2023.
             Was an Initiate of Vehumet.
             Slain by an orc wizard
             ... wielding a +1 dagger of protection
              (2 damage)
             ... on level 4 of the Dungeon.
             The game lasted 00:17:47 (4187 turns).

AgateBread the Trooper (Ogre Air Elementalist)      Turns: 4187, Time: 00:17:48

Health: 0/74       AC:  4    Str: 13    XL:     7   Next: 48%
Magic:  20/20      EV: 14    Int: 22    God:    Vehumet [......]
Gold:   274        SH:  0    Dex:  9    Spells: 2/12 levels left

rFire   . . .        o - +1 hand axe of Dithmenos's Pride {speed, MP+9 Int+4}
rCold   . . .        (no shield)
rNeg    + . .        d - +1 robe {rN+}
rPois   +            (helmet restricted)
rElec   .            (no cloak)
rCorr   .            (gloves unavailable)
SInv    .            (boots unavailable)
Will    .....        k - amulet of regeneration
Stlth   +            j - +5 ring of evasion
HPRegen 1.12/turn    x - ring of poison resistance
MPRegen 0.17/turn

%: no passive effects
@: on berserk cooldown, slowed, very slow
A: large, unfitting armour, tough skin 1
a: Renounce Religion


You were on level 4 of the Dungeon.
You worshipped Vehumet.
Vehumet was noncommittal.
You visited 2 branches of the dungeon, and saw 5 of its levels.

You collected 274 gold pieces.

Inventory:

Hand Weapons
 b - a +0 dagger
 c - a +0 whip
 o - the +1 hand axe of Dithmenos's Pride (weapon) {speed, MP+9 Int+4}
   (You took it off a kobold on level 2 of the Dungeon)

   Int:       It affects your intelligence (+4).
   MP:        It affects your magic capacity (+9).
 E - a +0 giant spiked club
 F - a +0 dagger of venom
 G - the +7 whip "Mioh" {elec, *Slow Int+2 Dex+3 SInv}
   (You found it on level 4 of the Dungeon)

   Int:       It affects your intelligence (+2).
   Dex:       It affects your dexterity (+3).
   SInv:      It lets you see invisible.
   *Slow:     It may slow you when you take damage.
Missiles
 h - 2 boomerangs
 u - 2 poisoned darts
Armour
 a - a +0 robe
 d - a +1 robe of positive energy (worn)
Jewellery
 j - a +5 ring of evasion (left hand)
 k - an amulet of regeneration (around neck)
 x - a ring of poison resistance (right hand)
 C - a ring of protection from cold
Wands
 B - a wand of quicksilver (1)
 D - a wand of polymorph (5)
Scrolls
 e - a scroll of teleportation
 f - a scroll of immolation
 n - 2 scrolls of butterflies {unknown}
 s - a scroll of magic mapping
 t - a scroll of enchant armour {unknown}
 w - 3 scrolls of vulnerability {unknown}
 y - 2 scrolls of identify
Potions
 g - a potion of resistance {unknown}
 i - a potion of degeneration {unknown}
 l - a potion of invisibility {unknown}
 m - a potion of mutation {unknown}
 p - a potion of berserk rage
 r - 2 potions of haste {unknown}
 v - 2 potions of ambrosia {unknown}
 z - 4 potions of curing {unknown}
 A - a potion of might {unknown}


   Skills:
 + Level 5.7 Fighting
 - Level 1.7 Dodging
 - Level 1.4 Stealth
 - Level 3.2 Spellcasting
 + Level 3.6 Conjurations
 - Level 3.2 Air Magic
 + Level 3.4 Earth Magic


You had 2 spell levels left.
You knew the following spells:

 Your Spells              Type           Power      Damage    Failure   Level
a - Shock                 Conj/Air       72%        1d7       3%          1
b - Stone Arrow           Conj/Erth      38%        3d9       9%          3
c - Statue Form           Tmut/Erth      7%         N/A       100%        6

Your spell library contained the following spells:

 Spells                   Type           Power      Damage    Failure   Level
 Sandblast                Erth           36%        2d10      3%          1
 Static Discharge         Conj/Air       36%        2-4/arc   4%          2
 Passwall                 Tmut/Erth      9%         N/A       9%          2
 Ensorcelled Hibernation  Hex/Ice        6%         N/A       19%         2
 Swiftness                Air            17%        N/A       10%         3
 Airstrike                Air            8%         2d(2-18)  32%         4
 Vampiric Draining        Necr           3%         2d6       36%         3
 Animate Dead             Necr           3%         N/A       77%         4


Dungeon Overview and Level Annotations

Branches:
Dungeon (4/15)             Temple (1/1) D:4

Altars:
Cheibriados
Dithmenos
Elyvilon
Nemelex Xobeh
Vehumet

Shops:
D:1 [

Annotations:
D:4 4 runed translucent doors


Innate Abilities, Weirdness & Mutations

You are too large for most types of armour.
You have tough skin. (AC +1)


Message History

You miss something. x2
You hear some strange, mumbled words.
A magic dart appears from out of thin air!
The magic dart hits you. Something hits you.
Something hits you but does no damage.
You are electrocuted!
* * * LOW HITPOINT WARNING * * *
You hear some strange, mumbled words.
A magic dart appears from out of thin air!
The magic dart hits you.
* * * LOW HITPOINT WARNING * * *
You feel much better. Something hits you. x2
You are too confused!
Unknown command.
Something hits you but does no damage.
You hear some strange, mumbled words.
A puff of flame appears from out of thin air!
The puff of flame hits you.
* * * LOW HITPOINT WARNING * * *
You miss something. You completely miss something. Something hits you. x2
* * * LOW HITPOINT WARNING * * *
You barely miss something. You miss something.
You feel less confused. Something hits you.
* * * LOW HITPOINT WARNING * * *
Something hits you but does no damage.
You hit something. You barely miss something. Something hits you.
* * * LOW HITPOINT WARNING * * *
Something hits you.
* * * LOW HITPOINT WARNING * * *
Something hits you.
* * * LOW HITPOINT WARNING * * *
You are electrocuted!
* * * LOW HITPOINT WARNING * * *
Something hits you.
* * * LOW HITPOINT WARNING * * *
Okay, then.
As you read the scroll labelled OTUORA ECSAMET, it crumbles to dust.
You feel aware of your surroundings.
You sensed 2 altars.
It was a scroll of magic mapping.
Something hits you.
You die...

#.....#,,,,,,* ****#.*########..>
......##...,.#**,,,#.##* #...
....#<.+...,..,*+*,,...* ###...
.†.....#....#.,+_+,#.#.#####.[..#
...##..#...≈#.*#+#,.,#...........
.......#...≈≈.*#.#.#####.......[.
....##.+...≈..##.#.....#.........
....#*##.......≈≈≈####.#)#..#####
....####,,,,#..{@≈≈≈#..#.........
.......'.....##{###≈≈..#.........
...#####....##~≈.#..≈~...........
...# #.....~≈..÷≈≈.............
#..## #....≈≈##.≈...............
##..# #....####)≈.......####....
.##.##########.........#.#[.##...
..#....######...>...####.#...##.#
.......................#.##...#.#


There were no monsters in sight!

Vanquished Creatures
  A yak (D:4)
  An ogre (D:4)
  A phantom (D:4)
  Natasha (thrice) (D:3)
  3 orc wizards (D:4)
  9 adders
  2 worms
  A dart slug (D:4)
  2 orcs
  7 ball pythons
  6 endoplasms
  4 giant cockroaches
  6 goblins
  12 hobgoblins
  2 jackals (D:3)
  8 kobolds
  A quokka (D:4)
  7 bats
  3 frilled lizards
  5 rats
84 creatures vanquished.

Notes
Turn   | Place    | Note
-------+----------+-------------------------------------------
     0 | D:1      | AgateBread the Ogre Air Elementalist began the quest for
                  | the Orb.
     0 | D:1      | Reached XP level 1. HP: 16/16 MP: 3/3
   373 | D:1      | Reached skill level 1 in Fighting
   392 | D:1      | Reached XP level 2. HP: 27/27 MP: 5/5
   607 | D:1      | Found Alaqon's Antique Armour Shoppe.
  1234 | D:2      | Reached XP level 3. HP: 35/35 MP: 3/7
  1259 | D:1      | Reached skill level 2 in Fighting
  1528 | D:2      | Identified the +1 hand axe of Dithmenos's Pride {speed,
                  | MP+9 Int+4}
  1768 | D:2      | Learned a level 3 spell: Stone Arrow
  1824 | D:2      | Reached skill level 1 in Conjurations
  1824 | D:2      | Reached XP level 4. HP: 42/44 MP: 8/8
  2599 | D:3      | Noticed Natasha
  2616 | D:3      | Killed Natasha
  2617 | D:3      | Reached skill level 3 in Fighting
  2617 | D:3      | Reached skill level 1 in Earth Magic
  2693 | D:3      | Reached XP level 5. HP: 53/53 MP: 9/9
  2767 | D:3      | Noticed Natasha
  2777 | D:3      | Killed Natasha
  2931 | D:3      | Found a snail-covered altar of Cheibriados.
  3002 | D:3      | Noticed Natasha
  3006 | D:3      | Killed Natasha
  3074 | D:4      | Found a radiant altar of Vehumet.
  3096 | D:4      | Became a worshipper of Vehumet
  3113 | D:4      | Found a large runed translucent door.
  3113 | D:4      | Found a large runed translucent door.
  3125 | D:4      | Noticed a phantom
  3141 | D:4      | Reached skill level 4 in Fighting
  3148 | D:4      | Noticed a sky beast
  3148 | D:4      | Noticed an ice beast
  3162 | D:4      | Killed a phantom
  3163 | D:4      | Reached XP level 6. HP: 39/63 MP: 10/10
  3201 | D:4      | Noticed a yak
  3375 | D:4      | Found a sparkling altar of Nemelex Xobeh.
  3400 | D:4      | Found a staircase to the Ecumenical Temple.
  3434 | Temple   | Entered the Ecumenical Temple
  3826 | D:4      | Killed a yak
  3827 | D:4      | Reached skill level 5 in Fighting
  3827 | D:4      | Reached XP level 7. HP: 68/72 MP: 11/11
  3900 | D:4      | Got the Octavo of Diablerie and Transition
  3908 | D:4      | Learned a level 6 spell: Statue Form
  3931 | D:4      | Found a large runed translucent door.
  3931 | D:4      | Found a large runed translucent door.
  3945 | D:4      | Identified the +7 whip "Mioh" {elec, *Slow Int+2 Dex+3
                  | SInv}
  4186 | D:4      | HP: 1/74 [something (3)]
  4187 | D:4      | Slain by an orc wizard

Illustrated notes

Levels and vault maps discovered:
D:1:      nicolae_arrival_washed_ashore, layout_basic, serial_shops, shop
D:2:      layout_basic, minmay_pentomino_x4
D:3:      layout_rooms, cheibrodos_worm_habitat, roderic_roman_lattice,
          uniq_natasha
D:4:      cheibrodos_barr_body, layout_basic, kennysheep_mini,
          lemuel_round_altar, okawaru_altar_gauntlet_db,
          mainiacjoe_overflow_tiny_flanked, minmay_temple_entry_overgrown,
          serial_rivers, chequers_serial_rivers_room_b,
          chequers_serial_rivers_room_b, chequers_serial_rivers_small_b,
          chequers_serial_rivers_large_a, minmay_hollow_rounded_squares
Temple:   nicolae_temple_two_arcs

Skill      XL: |  1  2  3  4  5  6 |
---------------+-------------------+-----
Fighting       | 1 2 3 4 5 |  5.7
Air Magic      | 3 |  3.2
Spellcasting   | 3 |  3.2
Conjurations   | 1 2 3 |  3.6
Earth Magic    | 1 2 3 |  3.4
Dodging        | |  1.7
Stealth        | |  1.4

Action                     |  1- 3 |  4- 6 |  7- 9 || total
---------------------------+-------+-------+-------++-------
  Melee: Unarmed           |     9 |     3 |       ||    12
         Whip              |    56 |       |       ||    56
         Punch             |     2 |     1 |       ||     3
         Hand axe          |    34 |   188 |    82 ||   304
   Cast: Shock             |    28 |    20 |       ||    48
         Stone Arrow       |       |       |     1 ||     1
  Evoke: Wand              |       |     3 |     1 ||     4
    Use: Potion            |     1 |     2 |     2 ||     5
         Scroll            |       |     4 |     1 ||     5
   Stab: Sleeping          |     1 |     1 |       ||     2
 Armour: Robe              |    25 |    40 |    26 ||    91
         Skin              |       |     1 |       ||     1
  Dodge: Dodged            |    50 |    97 |    44 ||   191
